 Dungeon Crawl Stone Soup version 0.20.0-10-g0535bb4 (webtiles) character file.

1468 Hasart the Frost Mage (level 8, -13/52 HPs)
             Began as a Barachi Ice Elementalist on June 4, 2017.
             Was an Initiate of Cheibriados.
             Mangled by an orc warrior
             ... wielding a cursed -2 battleaxe
              (15 damage)
             ... on level 6 of the Dungeon.
             The game lasted 00:15:04 (5688 turns).

Hasart the Frost Mage (Barachi Ice Elementalist)    Turns: 5688, Time: 00:15:05

Health: -13/52     AC:  2    Str: 12    XL:     8   Next: 77%
Magic:  0/15       EV: 13    Int: 20    God:    Cheibriados [......]
Gold:   313        SH:  5    Dex: 13    Spells: 8/17 levels left

rFire    . . .     SeeInvis .   x - +2 whip (elec)
rCold    . . .     Gourm    .   q - +0 buckler
rNeg     . . .     Faith    .   a - +0 robe
rPois    .         Spirit   .   h - +0 helmet
rElec    .         Reflect  .   (no cloak)
rCorr    .         Harm     .   (no gloves)
MR       +....                  (no boots)
Stlth    ++........             e - amulet of regeneration
Regen    0.6/turn               (no ring)
MPRegen  0.2/turn               (no ring)

@: about to teleport, can't hop, very slightly contaminated, very slow
A: +LOS, swims, clever 1, deformed body, magic resistance 1, slowness 1, wild
magic 1, strong legs 1
a: Hop, Bend Time, Renounce Religion


You were on level 6 of the Dungeon.
You worshipped Cheibriados.
Cheibriados was noncommittal.
You were very hungry.

You visited 2 branches of the dungeon, and saw 7 of its levels.

You collected 313 gold pieces.

Inventory:

Hand Weapons
 x - a +2 whip of electrocution (weapon)
Armour
 a - a +0 robe (worn)
 h - a +0 helmet (worn)
 q - a +0 buckler (worn)
Jewellery
 e - an amulet of regeneration (around neck)
Scrolls
 i - a scroll of fog {unknown}
 k - 2 scrolls of enchant weapon {unknown}
 m - 4 scrolls of remove curse {unknown}
 n - 2 scrolls of magic mapping
 r - 2 scrolls of identify
 s - 2 scrolls of immolation {unknown}
 w - a scroll of enchant armour {unknown}
 y - 2 scrolls of noise {unknown}
Potions
 l - a potion of agility
 p - 3 potions of might
Books
 b - a book of Frost

   Spells                             Type                      Level
   a - Freeze                         Ice                          1
   b - Throw Frost                    Conjuration/Ice              2
   c - Ozocubu's Armour               Charms/Ice                   3
   d - Throw Icicle                   Conjuration/Ice              4
   e - Summon Ice Beast               Ice/Summoning                4
Comestibles
 c - 8 bread rations
 g - a meat ration
 z - a royal jelly


   Skills:
 - Level 3.8 Dodging
 - Level 1.7 Stealth
 + Level 3.8 Shields
 + Level 5.1 Spellcasting
 + Level 2.1 Conjurations
 + Level 4.4 Summonings
 * Level 9.0 Ice Magic


You had 8 spell levels left.
You knew the following spells:

 Your Spells              Type           Power        Failure   Level  Hunger
a - Freeze                Ice            ####         1%          1    None
b - Throw Icicle          Conj/Ice       #####...     16%         4    ####...
c - Summon Ice Beast      Ice/Summ       #####...     11%         4    ####...


Dungeon Overview and Level Annotations

Branches:
Dungeon (6/15)             Temple (1/1) D:6

Altars:
Ashenzari
Cheibriados
Dithmenos
Elyvilon
Hepliaklqana
Nemelex Xobeh
Okawaru
Qazlal
Ru
Sif Muna
Trog
Uskayaw
Vehumet
Xom
Zin
The Shining One


Innate Abilities, Weirdness & Mutations

Shadows flee at your approach. (+LOS)
You can swim through water.
You cover ground slowly.
You can hop short distances.
Your mind is acute. (Int +2)
Armour fits poorly on your strangely shaped body.
You are resistant to hostile enchantments. (MR+)
Your spells are a little harder to cast, but a little more powerful.


Message History

The orc wizard barely misses you.
Unknown command.
As you read the scroll of teleportation, it crumbles to dust.
You feel strangely unstable.
The orc wizard gestures at you while chanting.
The magic dart hits you! The orc warrior hits you with a mace!
* * * LOW HITPOINT WARNING * * *
Your ice beast hits the orc priest.
Your ice beast freezes the orc priest!
The orc priest dies!
Cheibriados thoroughly appreciates the change of pace.
The orc wizard misses you.
You feel better.
The orc wizard casts a cantrip, but nothing happens.
The orc warrior hits you with a mace!
* * * LOW HITPOINT WARNING * * *
Unknown command.
Okay, then.
The orc wizard completely misses you.
The orc warrior hits you with an enchanted battleaxe!
You die...

#..)...............
#..................
#....).....(.......
#..................
#.....[...........%
#........o.........
+.......Y.oo.......
#.....####oo.##...
#.....# #@#.# ##
#..........._......
#).........#.#.....
#.................)
#...##..##.# ##.##.
#.. #.. #.# # #.
... #. ... # ...


You could see 2 orc warriors, an orc wizard and 2 orcs.

Vanquished Creatures
  An ice beast (D:6)
  A centaur (D:6)
  A bullfrog (D:6)
  2 howler monkeys
  4 crimson imps
  A bullfrog zombie (D:4)
  A hound (D:2)
  An orc priest (D:3)
  2 orc wizards
  2 bullfrog skeletons
  6 worker ants
  2 hound skeletons (D:5)
  A hound zombie (D:6)
  A mummy (D:5)
  7 adders
  3 gnolls
  A shadow imp (D:5)
  2 adder zombies (D:5)
  3 worms
  2 dart slugs
  4 leopard geckos
  7 orcs
  A giant cockroach (D:2)
  6 goblins
  7 hobgoblins
  15 jackals
  5 kobolds
  3 quokkas
  3 ball pythons
  8 bats
  3 frilled lizards
  A hobgoblin zombie (D:5)
  A kobold zombie (D:5)
  8 rats
116 creatures vanquished.

Vanquished Creatures (collateral kills)
  Pikel (D:4)
  2 ogres
  A howler monkey (D:5)
  3 jellies
  An orc priest (D:6)
  An iguana (D:5)
  4 orc wizards
  4 orcs
17 creatures vanquished.

Grand Total: 133 creatures vanquished

Notes
Turn   | Place    | Note
-------+----------+-------------------------------------------
     0 | D:1      | Hasart the Barachi Ice Elementalist began the quest for the Orb.
     0 | D:1      | Reached XP level 1. HP: 13/13 MP: 3/3
   101 | D:1      | Reached skill level 4 in Ice Magic
   125 | D:1      | Reached XP level 2. HP: 4/19 MP: 1/5
   791 | D:1      | Reached XP level 3. HP: 24/24 MP: 4/6
  1222 | D:2      | Reached skill level 5 in Ice Magic
  1368 | D:2      | Reached XP level 4. HP: 30/30 MP: 2/7
  1387 | D:2      | Learned a level 4 spell: Summon Ice Beast
  1524 | D:2      | Found a sparkling altar of Nemelex Xobeh.
  1799 | D:2      | Reached skill level 1 in Summonings
  1799 | D:2      | Reached XP level 5. HP: 11/35 MP: 0/9
  2339 | D:3      | Reached skill level 6 in Ice Magic
  2396 | D:3      | Reached XP level 6. HP: 41/41 MP: 6/10
  2569 | D:3      | Found an iron altar of Okawaru.
  2569 | D:3      | Found a sacrificial altar of Ru.
  2575 | D:3      | Found a stormy altar of Qazlal.
  2577 | D:3      | Found a hazy altar of Hepliaklqana.
  2579 | D:3      | Found a shadowy altar of Dithmenos.
  3503 | D:4      | Noticed a slave
  3504 | D:4      | Noticed a slave
  3505 | D:4      | Noticed a slave
  3506 | D:4      | Noticed Pikel
  3556 | D:4      | Killed Pikel
  3556 | D:4      | Reached skill level 7 in Ice Magic
  3556 | D:4      | Reached XP level 7. HP: 36/46 MP: 2/13
  3725 | D:5      | Entered Level 5 of the Dungeon
  3727 | D:5      | Found a stormy altar of Qazlal.
  4257 | D:5      | Found a sand-covered staircase.
  4326 | D:5      | Reached XP level 8. HP: 52/52 MP: 14/14
  4480 | D:5      | Reached skill level 8 in Ice Magic
  5042 | D:6      | Found a staircase to the Ecumenical Temple.
  5073 | Temple   | Entered the Ecumenical Temple
  5079 | Temple   | Learned a level 4 spell: Throw Icicle
  5259 | Temple   | Became a worshipper of Cheibriados the Contemplative
  5288 | D:6      | Reached skill level 5 in Spellcasting
  5527 | D:6      | Reached skill level 9 in Ice Magic
  5588 | D:6      | Found a glowing golden altar of the Shining One.
  5600 | D:6      | Gained mutation: Your mind is acute. (Int +2) [potion of mutation]
  5600 | D:6      | Gained mutation: You are resistant to hostile enchantments. (MR+) [potion of mutation]
  5600 | D:6      | Gained mutation: Armour fits poorly on your strangely shaped body. [potion of mutation]
  5600 | D:6      | Gained mutation: Your spells are a little harder to cast, but a little more powerful. [potion of mutation]
  5687 | D:6      | HP: 1/52 [orc warrior/mace (15)]
  5688 | D:6      | Mangled by an orc warrior

Skill      XL: |  1  2  3  4  5  6  7  8 |
---------------+-------------------------+-----
Ice Magic      | 4 5 6 7 9 |  9.0
Dodging        | 3 |  3.8
Summonings     | 1 2 3 4 |  4.4
Spellcasting   | 3 4 5 |  5.1
Shields        | 2 3 |  3.8
Conjurations   | 2 |  2.1
Stealth        | |  1.7

Action                   |  1- 3 |  4- 6 |  7- 9 || total
-------------------------+-------+-------+-------++-------
Melee: Short sword       |    30 |    22 |       ||    52
       Whip              |       |       |    81 ||    81
 Cast: Freeze            |    55 |    80 |    53 ||   188
       Summon Ice Beast  |       |     4 |    11 ||    15
       Throw Icicle      |       |       |     1 ||     1
 Abil: Hop               |       |     5 |     1 ||     6
  Use: Potion            |       |     4 |     5 ||     9
       Scroll            |       |       |     3 ||     3
 Stab: Distracted        |       |     1 |       ||     1
       Sleeping          |       |       |     1 ||     1
  Eat: Chunk             |     2 |     7 |     9 ||    18
       Royal jelly       |       |     1 |       ||     1
       Fruit             |       |       |     1 ||     1
Armor: Robe              |    27 |     9 |    14 ||    50
Dodge: Dodged            |    86 |    60 |    86 ||   232
Block: Buckler           |       |     3 |    31 ||    34
